Sharks vs Avalanche

Created - 29 octobre 2017 at 20:40

Goals
1 2 3 T
Sharks 1 1 0 2
Avalanche 1 2 0 3
Shots
1 2 3 T
Sharks 8 8 9 25
Avalanche 16 8 8 32

1st period

1. Sharks , Travis Konecny 2 (Mikhail Grigorenko 2, Marc Staal 3) at 5:11
2. Avalanche , Matt Cullen 2 (Chris Tierney 1, Zach Werenski 5) at 18:02

Penalties :
Matt Cullen (COL) for Holding (Minor) at 10:30, Esa Lindell (SJS) for Interference (Minor) at 10:30

2nd period

3. Avalanche , Alexander Steen 6 (Derek Stepan 8, Tyson Barrie 3) at 2:42 (PP)
4. Sharks , Anze Kopitar 4 (Seth Jones 6, Charlie Coyle 5) at 10:33 (PP)
5. Avalanche , Mitch Marner 5 (Alexander Steen 5, Derek Stepan 9) at 11:55

Penalties :
Charlie Coyle (SJS) for Holding Stick (Minor) at 1:05, Mitch Marner (COL) for Holding (Minor) at 5:58, Deryk Engelland (COL) for High sticking (Minor) at 10:21, Max Domi (COL) for Interference (Minor) at 15:50, Tom Wilson (SJS) for Holding (Minor) at 19:10

3rd period

No Goal

Penalties :
Alexander Steen (COL) for Interference (Minor) at 14:24

Goalie Stats

Louis Domingue (SJS), 29 saves from 32 shots - (0.906), L, 3-4-1, 59:09 minutes
Jake Allen (COL), 23 saves from 25 shots - (0.920), W, 4-3-0, 60:00 minutes

Players Stats for Sharks

Player Name              G  A  P  +/- PIM S  H  SB GA TA FO     MP     PP MP  PK MP  
------------------------------------------------------------------------------------
Andrej Sustr             0  0  0  -1  0   2  2  0  0  0  0/0    15:59   2:41   0:00 
Anze Kopitar             1  0  1  -2  0   5  1  3  0  0  10/26  21:20   3:19   0:59 
Charlie Coyle            0  1  1   0  2   2  5  0  0  0  0/2    18:45   2:59   1:40 
Chris Tanev              0  0  0   0  0   3  0  0  0  0  0/0    21:20   2:19   2:12 
Esa Lindell              0  0  0   0  2   0  6  0  0  0  0/0    21:12   0:20   0:11 
Gabriel Dumont           0  0  0   0  0   0  0  0  0  0  0/8     9:23   0:00   0:00 
Marc Staal               0  1  1   0  0   2  1  0  0  0  0/0    16:50   0:00   0:46 
Mark Pysyk               0  0  0  -1  0   0  1  1  0  0  0/0    15:18   0:00   2:39 
Matt Martin              0  0  0   0  0   1  0  0  0  0  0/0     9:23   0:00   0:00 
Micheal Haley            0  0  0   0  0   0  1  0  0  0  0/0     9:23   0:00   0:00 
Mikhail Grigorenko       0  1  1   1  0   0  0  0  0  0  0/0    11:31   0:20   0:59 
Mikko Rantanen           0  0  0  -2  0   2  2  0  0  0  0/0    20:08   3:19   0:00 
Nick Bjugstad            0  0  0   0  0   1  1  0  0  0  0/0    15:57   2:50   0:00 
Sam Reinhart             0  0  0  -2  0   1  2  1  0  0  0/0    20:16   3:28   0:00 
Sean Couturier           0  0  0   0  0   2  1  1  0  0  6/28   18:34   2:50   2:37 
Seth Jones               0  1  1   0  0   1  1  4  0  0  0/0    25:37   3:30   1:24 
Tom Wilson               0  0  0   1  2   0  2  0  0  0  0/0    10:53   0:00   0:57 
Travis Konecny           1  0  1   1  0   3  0  0  0  0  5/17   12:33   2:50   0:00 

Players Stats for Avalanche

Player Name              G  A  P  +/- PIM S  H  SB GA TA FO     MP     PP MP  PK MP  
------------------------------------------------------------------------------------
Alexander Steen          1  1  2   0  2   3  1  0  0  0  0/0    22:42   2:17   2:45 
Alexandre Burrows        0  0  0   1  0   2  0  0  0  0  0/0     7:03   0:00   1:18 
Brandon Carlo            0  0  0  -1  0   0  1  1  0  0  0/0    23:28   1:35   1:46 
Chris Tierney            0  1  1   1  0   0  2  0  0  0  9/13    8:34   0:00   3:44 
Derek Stepan             0  2  2   0  0   2  0  0  0  0  10/17  16:29   2:17   0:00 
Deryk Engelland          0  0  0   0  2   3  0  0  0  0  0/0    17:35   0:00   2:26 
Dylan Larkin             0  0  0   0  0   1  0  0  0  0  1/1    10:47   0:00   0:07 
Jaccob Slavin            0  0  0  -1  0   0  2  1  0  0  0/0    22:36   0:00   2:38 
Jeff Skinner             0  0  0   0  0   1  1  0  0  0  3/3    20:06   1:19   0:51 
Martin Hanzal            0  0  0   0  0   2  3  0  0  0  17/21  18:57   1:19   0:00 
Mats Zuccarello          0  0  0   0  0   4  0  0  0  0  1/1    18:51   2:17   0:00 
Matt Cullen              1  0  1   1  2   1  0  0  0  0  8/10    6:20   0:00   0:58 
Max Domi                 0  0  0   0  2   3  0  0  0  0  0/0    12:28   0:12   1:24 
Mitch Marner             1  0  1   0  2   5  0  0  0  0  1/3    17:18   1:07   0:00 
Sami Vatanen             0  0  0   2  0   0  0  0  0  0  0/0    17:40   2:01   0:30 
Tomas Hertl              0  0  0   0  0   2  1  1  0  0  10/12  12:53   0:00   1:18 
Tyson Barrie             0  1  1   0  0   1  0  3  0  0  0/0    17:49   1:35   1:06 
Zach Werenski            0  1  1   2  0   2  1  0  0  0  0/0    20:11   2:01   3:45 

3 Stars

1 - Travis Konecny (SJS)
2 - Alexander Steen (COL)
3 - Zach Werenski (COL)

Power Play

Sharks - 1 on 4 Attempt(s) - 25.00%
Avalanche - 1 on 2 Attempt(s) - 50.00%

Penalty Kill

Sharks - 1 on 2 Attempt(s) - 50.00% - Score 0 goal in Penalty Kill
Avalanche - 3 on 4 Attempt(s) - 75.00% - Score 0 goal in Penalty Kill

Team Stat

Sharks - Hits : 26 - Faceoff Wins : 21 - Blocked Shots : 10 - Penalty Minutes : 6
Avalanche - Hits : 12 - Faceoff Wins : 60 - Blocked Shots : 6 - Penalty Minutes : 10

Official

Referees : Brad Watson and Mike Hasenfratz
Linesman : Devin Berg and Jonny Murray

Game Notes

Derek Stepan is injured at 13:11 of 3rd period (Sprained Right Ankle)

Finance

Level 1 -- Attendance: 5718 (87.97%) -- Ticket Income 583 236 $
Level 2 -- Attendance: 5000 (100.00%) -- Ticket Income 375 000 $
Level 3 -- Attendance: 3127 (89.34%) -- Ticket Income 171 985 $
Level 4 -- Attendance: 2007 (100.00%) -- Ticket Income 90 315 $
Luxury Box -- Attendance: 908 (90.80%) -- Ticket Income 181 600 $
Game was played at the Pepsi Center.
Total Attendance: 16760 (93.07%)
Total Ticket Income: 1 402 136 $
Other Income: 210 320 $
Total Income: 1 612 456 $

% Time on Ice - Sharks

Lines # - Real PCT - Wanted PCT - Time Play
Normal Forward
1 - 32% - 36% - 15:34
2 - 27% - 32% - 13:07
3 - 21% - 18% - 9:57
4 - 20% - 14% - 9:23
Normal Defense
1 - 42% - 42% - 19:59
2 - 33% - 32% - 16:04
3 - 25% - 26% - 11:58
4 - 0% - 0% - 0:00
PP Forward
1 - 54% - 62% - 3:19
2 - 46% - 38% - 2:50
PP Defense
1 - 62% - 62% - 3:50
2 - 38% - 38% - 2:19
PK Forward
1 - 73% - 55% - 2:37
2 - 27% - 45% - 0:59
PK Defense
1 - 79% - 60% - 2:50
2 - 21% - 40% - 0:46
PK3 Forward
1 - 0% - 55%
2 - 0% - 45%
PK3 Defense
1 - 0% - 60%
2 - 0% - 40%
44 Forward
1 - 50% - 55% - 0:59
2 - 50% - 45% - 1:00
44 Defense
1 - 69% - 55% - 1:22
2 - 31% - 45% - 0:37
Last Minute Offensive  - 0:15
Last Minute Defensive  - 0:00
Total
Forward - 60:00
Defense - 60:00

% Time on Ice - Avalanche

Lines # - Real PCT - Wanted PCT - Time Play
Normal Forward
1 - 33% - 35% - 15:56
2 - 34% - 35% - 16:12
3 - 22% - 20% - 10:40
4 - 10% - 10% - 4:50
Normal Defense
1 - 37% - 40% - 17:43
2 - 33% - 30% - 15:43
3 - 27% - 20% - 12:52
4 - 3% - 10% - 1:20
PP Forward
1 - 63% - 60% - 2:17
2 - 37% - 40% - 1:19
PP Defense
1 - 56% - 60% - 2:01
2 - 44% - 40% - 1:35
PK Forward
1 - 79% - 60% - 4:51
2 - 21% - 40% - 1:18
PK Defense
1 - 48% - 60% - 2:56
2 - 52% - 40% - 3:13
PK3 Forward
1 - 0% - 60%
2 - 0% - 40%
PK3 Defense
1 - 0% - 60%
2 - 0% - 40%
44 Forward
1 - 54% - 60% - 1:04
2 - 46% - 40% - 0:55
44 Defense
1 - 54% - 60% - 1:04
2 - 46% - 40% - 0:55
Last Minute Offensive  - 0:00
Last Minute Defensive  - 0:38
Total
Forward - 60:00
Defense - 60:00

Play by Play

1st period


0:01 of 1st period - Martin Hanzal wins face-off versus Anze Kopitar in neutral zone.
0:18 of 1st period - Shot by Jeff Skinner.
0:18 of 1st period - Shot Misses the Net.
0:20 of 1st period - Shot by Martin Hanzal.
0:20 of 1st period - Deflect By Mats Zuccarello.
0:20 of 1st period - Shot Blocked by Anze Kopitar.
0:22 of 1st period - Shot by Martin Hanzal.
0:22 of 1st period - Stopped by Louis Domingue with a rebound.
0:43 of 1st period - Off-side.
0:44 of 1st period - Sean Couturier wins face-off versus Derek Stepan in neutral zone.
2:27 of 1st period - Mark Pysyk is hit by Chris Tierney and loses puck.
2:41 of 1st period - Shot by Alexandre Burrows.
2:41 of 1st period - Stopped by Louis Domingue without a rebound.
2:42 of 1st period - Martin Hanzal wins face-off versus Gabriel Dumont in Sharks zone.
3:05 of 1st period - Shot by Jeff Skinner.
3:05 of 1st period - Shot Misses the Net.
3:26 of 1st period - Icing by Esa Lindell.
3:27 of 1st period - Mitch Marner wins face-off versus Gabriel Dumont in Sharks zone.
3:28 of 1st period - Shot by Alexander Steen.
3:28 of 1st period - Shot Blocked by Seth Jones.
3:30 of 1st period - Shot by Mitch Marner.
3:30 of 1st period - Deflect By Alexander Steen.
3:30 of 1st period - Shot Misses the Net.
3:36 of 1st period - Shot by Alexander Steen.
3:36 of 1st period - Deflect By Mitch Marner.
3:36 of 1st period - Stopped by Louis Domingue without a rebound.
3:37 of 1st period - Tomas Hertl wins face-off versus Anze Kopitar in Sharks zone.
3:40 of 1st period - Shot by Max Domi.
3:40 of 1st period - Stopped by Louis Domingue with a rebound.
4:06 of 1st period - Shot by Max Domi.
4:06 of 1st period - Stopped by Louis Domingue without a rebound.
4:07 of 1st period - Derek Stepan wins face-off versus Travis Konecny in Sharks zone.
4:14 of 1st period - Shot by Mitch Marner.
4:14 of 1st period - Shot Misses the Net.
4:20 of 1st period - Shot by Mitch Marner.
4:20 of 1st period - Shot Misses the Net.
4:22 of 1st period - Shot by Zach Werenski.
4:22 of 1st period - Stopped by Louis Domingue without a rebound.
4:23 of 1st period - Martin Hanzal wins face-off versus Anze Kopitar in Sharks zone.
4:23 of 1st period - Mats Zuccarello is hit by Mark Pysyk and loses puck.
4:35 of 1st period - Shot by Jeff Skinner.
4:35 of 1st period - Stopped by Louis Domingue with a rebound.
4:37 of 1st period - Shot by Jeff Skinner.
4:37 of 1st period - Shot Blocked by Mark Pysyk.
4:39 of 1st period - Shot by Mats Zuccarello.
4:39 of 1st period - Stopped by Louis Domingue without a rebound.
4:40 of 1st period - Derek Stepan wins face-off versus Travis Konecny in Sharks zone.
5:09 of 1st period - Shot by Mikhail Grigorenko.
5:09 of 1st period - Shot Blocked by Jaccob Slavin.
5:11 of 1st period - Shot by Travis Konecny.
5:11 of 1st period - Goal by Travis Konecny - Sharks : 1 - Avalanche : 0.
5:12 of 1st period - Martin Hanzal wins face-off versus Anze Kopitar in neutral zone.
6:31 of 1st period - Brandon Carlo is hit by Sam Reinhart and loses puck.
6:47 of 1st period - Shot by Sean Couturier.
6:47 of 1st period - Stopped by Jake Allen without a rebound.
6:48 of 1st period - Matt Cullen wins face-off versus Travis Konecny in Avalanche zone.
6:48 of 1st period - Matt Cullen is hit by Tom Wilson.
7:55 of 1st period - Shot by Mitch Marner.
7:55 of 1st period - Stopped by Louis Domingue without a rebound.
7:56 of 1st period - Tomas Hertl wins face-off versus Gabriel Dumont in Sharks zone.
8:03 of 1st period - Shot by Micheal Haley.
8:03 of 1st period - Shot Misses the Net.
8:05 of 1st period - Shot by Matt Martin.
8:05 of 1st period - Stopped by Jake Allen with a rebound.
8:13 of 1st period - Jaccob Slavin is hit by Micheal Haley and loses puck.
8:48 of 1st period - Shot by Sean Couturier.
8:48 of 1st period - Shot Blocked by Brandon Carlo.
9:42 of 1st period - Shot by Anze Kopitar.
9:42 of 1st period - Shot Hit the Post.
9:44 of 1st period - Shot by Chris Tanev.
9:44 of 1st period - Stopped by Jake Allen without a rebound.
9:45 of 1st period - Martin Hanzal wins face-off versus Travis Konecny in Avalanche zone.
10:09 of 1st period - Shot by Martin Hanzal.
10:09 of 1st period - Deflect By Mats Zuccarello.
10:09 of 1st period - Stopped by Louis Domingue with a rebound.
10:11 of 1st period - Shot by Deryk Engelland.
10:11 of 1st period - Stopped by Louis Domingue without a rebound.
10:12 of 1st period - Matt Cullen wins face-off versus Gabriel Dumont in Sharks zone.
10:15 of 1st period - Shot by Sami Vatanen.
10:15 of 1st period - Shot Blocked by Seth Jones.
10:30 of 1st period - Minor Penalty to Matt Cullen for Holding.
10:30 of 1st period - Minor Penalty to Esa Lindell for Interference.
10:31 of 1st period - Anze Kopitar wins face-off versus Martin Hanzal in Sharks zone.
11:10 of 1st period - Icing by Sami Vatanen.
11:11 of 1st period - Martin Hanzal wins face-off versus Charlie Coyle in Avalanche zone.
11:11 of 1st period - Martin Hanzal is hit by Charlie Coyle.
11:45 of 1st period - Shot by Tomas Hertl.
11:45 of 1st period - Stopped by Louis Domingue with a rebound.
11:47 of 1st period - Shot by Jaccob Slavin.
11:47 of 1st period - Shot Misses the Net.
12:28 of 1st period - Alexander Steen is hit by Anze Kopitar and loses puck.
12:41 of 1st period - Shot by Travis Konecny.
12:41 of 1st period - Shot Misses the Net.
12:45 of 1st period - Shot by Travis Konecny.
12:45 of 1st period - Stopped by Jake Allen without a rebound.
12:46 of 1st period - Martin Hanzal wins face-off versus Gabriel Dumont in Avalanche zone.
12:51 of 1st period - Shot by Mats Zuccarello.
12:51 of 1st period - Shot Blocked by Seth Jones.
13:02 of 1st period - Shot by Mats Zuccarello.
13:02 of 1st period - Deflect By Martin Hanzal.
13:02 of 1st period - Stopped by Louis Domingue without a rebound.
13:03 of 1st period - Travis Konecny wins face-off versus Mitch Marner in Sharks zone.
13:18 of 1st period - Shot by Tom Wilson.
13:18 of 1st period - Shot Hit the Post.
13:21 of 1st period - Icing by Jaccob Slavin.
13:22 of 1st period - Derek Stepan wins face-off versus Anze Kopitar in Avalanche zone.
13:39 of 1st period - Shot by Brandon Carlo.
13:39 of 1st period - Deflect By Alexander Steen.
13:39 of 1st period - Stopped by Louis Domingue without a rebound.
13:40 of 1st period - Martin Hanzal wins face-off versus Sean Couturier in Sharks zone.
14:12 of 1st period - Shot by Charlie Coyle.
14:12 of 1st period - Shot Misses the Net.
15:07 of 1st period - Shot by Tomas Hertl.
15:07 of 1st period - Shot Blocked by Seth Jones.
16:21 of 1st period - Shot by Marc Staal.
16:21 of 1st period - Stopped by Jake Allen without a rebound.
16:22 of 1st period - Martin Hanzal wins face-off versus Sean Couturier in Avalanche zone.
16:49 of 1st period - Deryk Engelland is hit by Nick Bjugstad and loses puck.
17:06 of 1st period - Marc Staal is hit by Martin Hanzal and loses puck.
17:21 of 1st period - Shot by Anze Kopitar.
17:21 of 1st period - Stopped by Jake Allen without a rebound.
17:22 of 1st period - Travis Konecny wins face-off versus Matt Cullen in Avalanche zone.
17:34 of 1st period - Icing by Sami Vatanen.
17:35 of 1st period - Anze Kopitar wins face-off versus Matt Cullen in Avalanche zone.
17:40 of 1st period - Shot by Mikko Rantanen.
17:40 of 1st period - Stopped by Jake Allen with a rebound.
18:02 of 1st period - Shot by Matt Cullen.
18:02 of 1st period - Goal by Matt Cullen - Sharks : 1 - Avalanche : 1.
18:03 of 1st period - Derek Stepan wins face-off versus Sean Couturier in neutral zone.
18:06 of 1st period - Shot by Mitch Marner.
18:06 of 1st period - Shot Blocked by Sean Couturier.
18:30 of 1st period - Shot by Mitch Marner.
18:30 of 1st period - Stopped by Louis Domingue with a rebound.
19:23 of 1st period - Icing by Tyson Barrie.
19:24 of 1st period - Martin Hanzal wins face-off versus Travis Konecny in Avalanche zone.
19:24 of 1st period - Martin Hanzal is hit by Tom Wilson.
19:27 of 1st period - Icing by Mats Zuccarello.
19:28 of 1st period - Martin Hanzal wins face-off versus Travis Konecny in Avalanche zone.
Goals for this period are 1 for Sharks vs 1 for Avalanche.
Shots for this period are 8 for Sharks vs 16 for Avalanche.

2nd period


0:01 of 2nd period - Derek Stepan wins face-off versus Anze Kopitar in neutral zone.
0:04 of 2nd period - Shot by Derek Stepan.
0:04 of 2nd period - Stopped by Louis Domingue without a rebound.
0:05 of 2nd period - Anze Kopitar wins face-off versus Derek Stepan in Sharks zone.
0:14 of 2nd period - Shot by Seth Jones.
0:14 of 2nd period - Shot Misses the Net.
0:45 of 2nd period - Mikko Rantanen is hit by Brandon Carlo and loses puck.
1:05 of 2nd period - Minor Penalty to Charlie Coyle for Holding Stick.
1:06 of 2nd period - Martin Hanzal wins face-off versus Sean Couturier in Sharks zone.
1:17 of 2nd period - Shot by Zach Werenski.
1:17 of 2nd period - Stopped by Louis Domingue without a rebound.
1:18 of 2nd period - Martin Hanzal wins face-off versus Sean Couturier in Sharks zone.
2:26 of 2nd period - Icing by Brandon Carlo.
2:27 of 2nd period - Sean Couturier wins face-off versus Derek Stepan in Avalanche zone.
2:40 of 2nd period - Shot by Derek Stepan.
2:40 of 2nd period - Stopped by Louis Domingue with a rebound.
2:42 of 2nd period - Shot by Alexander Steen.
2:42 of 2nd period - The goal is going for a video replay.
2:42 of 2nd period - The goal is good.
2:42 of 2nd period - Goal by Alexander Steen - Sharks : 1 - Avalanche : 2.
2:43 of 2nd period - Tomas Hertl wins face-off versus Gabriel Dumont in neutral zone.
2:47 of 2nd period - Off-side.
2:48 of 2nd period - Tomas Hertl wins face-off versus Sean Couturier in neutral zone.
2:53 of 2nd period - Shot by Max Domi.
2:53 of 2nd period - Stopped by Louis Domingue without a rebound.
2:54 of 2nd period - Tomas Hertl wins face-off versus Sean Couturier in Sharks zone.
2:54 of 2nd period - Max Domi is hit by Esa Lindell.
3:01 of 2nd period - Tomas Hertl is hit by Esa Lindell and loses puck.
4:33 of 2nd period - Sam Reinhart is hit by Jaccob Slavin and loses puck.
4:38 of 2nd period - Shot by Sam Reinhart.
4:38 of 2nd period - Shot Misses the Net.
5:32 of 2nd period - Marc Staal is hit by Jeff Skinner and loses puck.
5:58 of 2nd period - Minor Penalty to Mitch Marner for Holding.
5:59 of 2nd period - Anze Kopitar wins face-off versus Chris Tierney in Avalanche zone.
6:34 of 2nd period - Shot by Alexander Steen.
6:34 of 2nd period - Shot Misses the Net.
6:59 of 2nd period - Shot by Travis Konecny.
6:59 of 2nd period - Shot Misses the Net.
7:01 of 2nd period - Shot by Travis Konecny.
7:01 of 2nd period - Shot Blocked by Tyson Barrie.
7:11 of 2nd period - Shot by Sean Couturier.
7:11 of 2nd period - Shot Misses the Net.
7:13 of 2nd period - Shot by Chris Tanev.
7:13 of 2nd period - Shot Blocked by Tomas Hertl.
8:47 of 2nd period - Alexander Steen is hit by Andrej Sustr and loses puck.
8:50 of 2nd period - Shot by Dylan Larkin.
8:50 of 2nd period - Shot Blocked by Anze Kopitar.
8:52 of 2nd period - Shot by Alexander Steen.
8:52 of 2nd period - Shot Misses the Net.
8:54 of 2nd period - Shot by Dylan Larkin.
8:54 of 2nd period - Stopped by Louis Domingue without a rebound.
8:55 of 2nd period - Matt Cullen wins face-off versus Sean Couturier in Sharks zone.
9:00 of 2nd period - Shot by Matt Cullen.
9:00 of 2nd period - Deflect By Alexandre Burrows.
9:00 of 2nd period - Stopped by Louis Domingue without a rebound.
9:01 of 2nd period - Anze Kopitar wins face-off versus Derek Stepan in Sharks zone.
9:03 of 2nd period - Icing by Sam Reinhart.
9:04 of 2nd period - Anze Kopitar wins face-off versus Tomas Hertl in Sharks zone.
9:21 of 2nd period - Shot by Max Domi.
9:21 of 2nd period - Shot Blocked by Sam Reinhart.
9:32 of 2nd period - Shot by Mikko Rantanen.
9:32 of 2nd period - Stopped by Jake Allen without a rebound.
9:33 of 2nd period - Sean Couturier wins face-off versus Martin Hanzal in Avalanche zone.
10:18 of 2nd period - Shot by Tom Wilson.
10:18 of 2nd period - Shot Misses the Net.
10:21 of 2nd period - Minor Penalty to Deryk Engelland for High sticking.
10:22 of 2nd period - Anze Kopitar wins face-off versus Chris Tierney in Avalanche zone.
10:31 of 2nd period - Shot by Anze Kopitar.
10:31 of 2nd period - Stopped by Jake Allen with a rebound.
10:33 of 2nd period - Shot by Anze Kopitar.
10:33 of 2nd period - Goal by Anze Kopitar - Sharks : 2 - Avalanche : 2.
10:34 of 2nd period - Tomas Hertl wins face-off versus Travis Konecny in neutral zone.
10:52 of 2nd period - Max Domi is hit by Esa Lindell and loses puck.
11:09 of 2nd period - Esa Lindell is hit by Tomas Hertl and loses puck.
11:39 of 2nd period - Shot by Alexander Steen.
11:39 of 2nd period - Shot Blocked by Anze Kopitar.
11:55 of 2nd period - Shot by Mitch Marner.
11:55 of 2nd period - Goal by Mitch Marner - Sharks : 2 - Avalanche : 3.
11:56 of 2nd period - Jeff Skinner wins face-off versus Sean Couturier in neutral zone.
12:25 of 2nd period - Shot by Nick Bjugstad.
12:25 of 2nd period - Stopped by Jake Allen without a rebound.
12:26 of 2nd period - Matt Cullen wins face-off versus Anze Kopitar in Avalanche zone.
12:26 of 2nd period - Matt Cullen is hit by Mikko Rantanen.
12:52 of 2nd period - Shot by Mikko Rantanen.
12:52 of 2nd period - Shot Misses the Net.
13:56 of 2nd period - Icing by Mitch Marner.
13:57 of 2nd period - Derek Stepan wins face-off versus Sean Couturier in Avalanche zone.
13:57 of 2nd period - Mitch Marner is hit by Charlie Coyle.
14:13 of 2nd period - Alexander Steen is hit by Charlie Coyle and loses puck.
14:38 of 2nd period - Jeff Skinner is hit by Charlie Coyle and loses puck.
15:00 of 2nd period - Andrej Sustr is hit by Martin Hanzal and loses puck.
15:47 of 2nd period - Shot by Tomas Hertl.
15:47 of 2nd period - Shot Misses the Net.
15:50 of 2nd period - Minor Penalty to Max Domi for Interference.
15:51 of 2nd period - Chris Tierney wins face-off versus Sean Couturier in Avalanche zone.
16:04 of 2nd period - Shot by Travis Konecny.
16:04 of 2nd period - Stopped by Jake Allen with a rebound.
16:13 of 2nd period - Icing by Seth Jones.
16:14 of 2nd period - Chris Tierney wins face-off versus Sean Couturier in Sharks zone.
16:29 of 2nd period - Travis Konecny is hit by Chris Tierney and loses puck.
16:57 of 2nd period - Shot by Chris Tanev.
16:57 of 2nd period - Stopped by Jake Allen without a rebound.
16:58 of 2nd period - Anze Kopitar wins face-off versus Chris Tierney in Avalanche zone.
17:09 of 2nd period - Shot by Mikko Rantanen.
17:09 of 2nd period - Deflect By Anze Kopitar.
17:09 of 2nd period - Shot Misses the Net.
17:11 of 2nd period - Shot by Chris Tanev.
17:11 of 2nd period - Stopped by Jake Allen without a rebound.
17:12 of 2nd period - Anze Kopitar wins face-off versus Tomas Hertl in Avalanche zone.
17:31 of 2nd period - Shot by Seth Jones.
17:31 of 2nd period - Shot Misses the Net.
17:33 of 2nd period - Shot by Anze Kopitar.
17:33 of 2nd period - Stopped by Jake Allen without a rebound.
17:34 of 2nd period - Chris Tierney wins face-off versus Sean Couturier in Avalanche zone.
17:34 of 2nd period - Chris Tierney is hit by Sean Couturier.
17:41 of 2nd period - Icing by Travis Konecny.
17:42 of 2nd period - Chris Tierney wins face-off versus Travis Konecny in Sharks zone.
17:42 of 2nd period - Alexander Steen is hit by Sam Reinhart.
17:51 of 2nd period - Sam Reinhart is hit by Zach Werenski and loses puck.
19:02 of 2nd period - Seth Jones is hit by Alexander Steen and loses puck.
19:10 of 2nd period - Minor Penalty to Tom Wilson for Holding.
19:11 of 2nd period - Derek Stepan wins face-off versus Sean Couturier in Sharks zone.
19:30 of 2nd period - Shot by Alexander Steen.
19:30 of 2nd period - Shot Misses the Net.
Goals for this period are 1 for Sharks vs 2 for Avalanche.
Shots for this period are 8 for Sharks vs 8 for Avalanche.

3rd period


0:01 of 3rd period - Mats Zuccarello wins face-off versus Sean Couturier in neutral zone.
0:17 of 3rd period - Icing by Alexander Steen.
0:18 of 3rd period - Sean Couturier wins face-off versus Derek Stepan in Avalanche zone.
1:04 of 3rd period - Icing by Jeff Skinner.
1:05 of 3rd period - Anze Kopitar wins face-off versus Mitch Marner in Avalanche zone.
1:47 of 3rd period - Icing by Anze Kopitar.
1:48 of 3rd period - Chris Tierney wins face-off versus Anze Kopitar in Sharks zone.
1:51 of 3rd period - Shot by Tyson Barrie.
1:51 of 3rd period - Stopped by Louis Domingue without a rebound.
1:52 of 3rd period - Derek Stepan wins face-off versus Travis Konecny in Sharks zone.
1:57 of 3rd period - Shot by Alexander Steen.
1:57 of 3rd period - Stopped by Louis Domingue without a rebound.
1:58 of 3rd period - Sean Couturier wins face-off versus Derek Stepan in Sharks zone.
2:03 of 3rd period - Shot by Nick Bjugstad.
2:03 of 3rd period - Deflect By Sean Couturier.
2:03 of 3rd period - Shot Misses the Net.
2:05 of 3rd period - Shot by Chris Tanev.
2:05 of 3rd period - Shot Blocked by Tyson Barrie.
2:11 of 3rd period - Shot by Sean Couturier.
2:11 of 3rd period - Stopped by Jake Allen without a rebound.
2:12 of 3rd period - Martin Hanzal wins face-off versus Anze Kopitar in Avalanche zone.
2:19 of 3rd period - Shot by Jeff Skinner.
2:19 of 3rd period - Deflect By Mats Zuccarello.
2:19 of 3rd period - Stopped by Louis Domingue without a rebound.
2:20 of 3rd period - Derek Stepan wins face-off versus Sean Couturier in Sharks zone.
2:41 of 3rd period - Shot by Charlie Coyle.
2:41 of 3rd period - Stopped by Jake Allen without a rebound.
2:42 of 3rd period - Martin Hanzal wins face-off versus Anze Kopitar in Avalanche zone.
3:27 of 3rd period - Icing by Deryk Engelland.
3:28 of 3rd period - Martin Hanzal wins face-off versus Sean Couturier in Avalanche zone.
3:51 of 3rd period - Shot by Seth Jones.
3:51 of 3rd period - Stopped by Jake Allen without a rebound.
3:52 of 3rd period - Tomas Hertl wins face-off versus Travis Konecny in Avalanche zone.
4:09 of 3rd period - Shot by Mikhail Grigorenko.
4:09 of 3rd period - Shot Misses the Net.
4:11 of 3rd period - Shot by Chris Tanev.
4:11 of 3rd period - Shot Misses the Net.
4:13 of 3rd period - Shot by Marc Staal.
4:13 of 3rd period - Stopped by Jake Allen without a rebound.
4:14 of 3rd period - Derek Stepan wins face-off versus Anze Kopitar in Avalanche zone.
4:42 of 3rd period - Shot by Mikko Rantanen.
4:42 of 3rd period - Shot Misses the Net.
5:23 of 3rd period - Shot by Mats Zuccarello.
5:23 of 3rd period - Stopped by Louis Domingue without a rebound.
5:24 of 3rd period - Tomas Hertl wins face-off versus Sean Couturier in Sharks zone.
5:45 of 3rd period - Shot by Dylan Larkin.
5:45 of 3rd period - Deflect By Tomas Hertl.
5:45 of 3rd period - Shot Misses the Net.
5:47 of 3rd period - Shot by Deryk Engelland.
5:47 of 3rd period - Stopped by Louis Domingue without a rebound.
5:48 of 3rd period - Travis Konecny wins face-off versus Martin Hanzal in Sharks zone.
6:03 of 3rd period - Mark Pysyk is hit by Martin Hanzal and loses puck.
6:52 of 3rd period - Icing by Mitch Marner.
6:53 of 3rd period - Sean Couturier wins face-off versus Derek Stepan in Avalanche zone.
7:24 of 3rd period - Alexander Steen is hit by Esa Lindell and loses puck.
7:55 of 3rd period - Shot by Anze Kopitar.
7:55 of 3rd period - Stopped by Jake Allen without a rebound.
7:56 of 3rd period - Travis Konecny wins face-off versus Martin Hanzal in Avalanche zone.
8:21 of 3rd period - Shot by Travis Konecny.
8:21 of 3rd period - Shot Misses the Net.
8:23 of 3rd period - Shot by Andrej Sustr.
8:23 of 3rd period - Stopped by Jake Allen without a rebound.
8:24 of 3rd period - Dylan Larkin wins face-off versus Anze Kopitar in Avalanche zone.
9:19 of 3rd period - Alexander Steen is hit by Seth Jones and loses puck.
9:36 of 3rd period - Shot by Micheal Haley.
9:36 of 3rd period - Shot Misses the Net.
9:46 of 3rd period - Shot by Esa Lindell.
9:46 of 3rd period - Shot Misses the Net.
10:38 of 3rd period - Icing by Andrej Sustr.
10:39 of 3rd period - Matt Cullen wins face-off versus Sean Couturier in Sharks zone.
10:42 of 3rd period - Shot by Alexandre Burrows.
10:42 of 3rd period - Shot Hit the Post.
10:44 of 3rd period - Shot by Deryk Engelland.
10:44 of 3rd period - Stopped by Louis Domingue without a rebound.
10:45 of 3rd period - Tomas Hertl wins face-off versus Anze Kopitar in Sharks zone.
11:46 of 3rd period - Off-side.
11:47 of 3rd period - Martin Hanzal wins face-off versus Gabriel Dumont in neutral zone.
11:53 of 3rd period - Mats Zuccarello is hit by Esa Lindell and loses puck.
12:23 of 3rd period - Shot by Martin Hanzal.
12:23 of 3rd period - Shot Misses the Net.
13:01 of 3rd period - Shot by Mitch Marner.
13:01 of 3rd period - Deflect By Alexander Steen.
13:01 of 3rd period - Shot Misses the Net.
13:10 of 3rd period - Derek Stepan is hit by Esa Lindell and loses puck.
13:11 of 3rd period - Derek Stepan from Avalanche is injured at 13:11 of 3rd period (Sprained Right Ankle).
13:12 of 3rd period - Matt Cullen wins face-off versus Sean Couturier in Sharks zone.
13:19 of 3rd period - Shot by Alexandre Burrows.
13:19 of 3rd period - Shot Misses the Net.
13:47 of 3rd period - Icing by Deryk Engelland.
13:48 of 3rd period - Chris Tierney wins face-off versus Anze Kopitar in Avalanche zone.
13:48 of 3rd period - Tyson Barrie is hit by Mikko Rantanen and loses puck.
13:53 of 3rd period - Shot by Mikko Rantanen.
13:53 of 3rd period - Shot Blocked by Tyson Barrie.
13:55 of 3rd period - Shot by Sam Reinhart.
13:55 of 3rd period - Shot Misses the Net.
13:57 of 3rd period - Shot by Andrej Sustr.
13:57 of 3rd period - Stopped by Jake Allen without a rebound.
13:58 of 3rd period - Jeff Skinner wins face-off versus Travis Konecny in Avalanche zone.
14:24 of 3rd period - Minor Penalty to Alexander Steen for Interference.
14:25 of 3rd period - Chris Tierney wins face-off versus Charlie Coyle in Avalanche zone.
14:54 of 3rd period - Shot by Sam Reinhart.
14:54 of 3rd period - Shot Misses the Net.
14:56 of 3rd period - Shot by Sam Reinhart.
14:56 of 3rd period - Stopped by Jake Allen without a rebound.
14:57 of 3rd period - Matt Cullen wins face-off versus Sean Couturier in Avalanche zone.
15:34 of 3rd period - Icing by Chris Tanev.
15:35 of 3rd period - Chris Tierney wins face-off versus Sean Couturier in Sharks zone.
15:35 of 3rd period - Chris Tierney is hit by Andrej Sustr.
15:51 of 3rd period - Off-side.
15:52 of 3rd period - Matt Cullen wins face-off versus Anze Kopitar in neutral zone.
15:52 of 3rd period - Jaccob Slavin is hit by Charlie Coyle and loses puck.
16:03 of 3rd period - Shot by Charlie Coyle.
16:03 of 3rd period - Shot Misses the Net.
16:11 of 3rd period - Shot by Charlie Coyle.
16:11 of 3rd period - Stopped by Jake Allen without a rebound.
16:12 of 3rd period - Chris Tierney wins face-off versus Anze Kopitar in Avalanche zone.
16:24 of 3rd period - Off-side.
16:25 of 3rd period - Jeff Skinner wins face-off versus Gabriel Dumont in neutral zone.
16:31 of 3rd period - Jeff Skinner is hit by Marc Staal and loses puck.
16:44 of 3rd period - Shot by Mitch Marner.
16:44 of 3rd period - Stopped by Louis Domingue with a rebound.
16:50 of 3rd period - Shot by Marc Staal.
16:50 of 3rd period - Shot Misses the Net.
18:04 of 3rd period - Shot by Tomas Hertl.
18:04 of 3rd period - Stopped by Louis Domingue without a rebound.
18:05 of 3rd period - Travis Konecny wins face-off versus Chris Tierney in Sharks zone.
18:09 of 3rd period - Mikhail Grigorenko is hit by Jaccob Slavin and loses puck.
18:27 of 3rd period - Icing by Chris Tanev.
18:28 of 3rd period - Tomas Hertl wins face-off versus Travis Konecny in Sharks zone.
19:09 of 3rd period - Sharks, Louis Domingue is pulled from the net.
Goals for this period are 0 for Sharks vs 0 for Avalanche.
Shots for this period are 9 for Sharks vs 8 for Avalanche.